 Dungeon Crawl Stone Soup version 0.29.1-12-g30fa7ad0bf (webtiles) character file.

Game seed: 953264987007422475

4996 LustLizard the Cleaver (level 10, 0/93 HPs)
             Began as a Minotaur Monk on Jan 4, 2023.
             Was an Elder of Cheibriados.
             Slain by a gnoll
             ... wielding a +0 vorpal halberd
             ... led by a gnoll sergeant
              (1 damage)
             ... on level 9 of the Dungeon.
             The game lasted 00:13:23 (7228 turns).

LustLizard the Cleaver (Minotaur Monk)              Turns: 7228, Time: 00:13:24

Health: 0/93       AC: 12    Str: 29    XL:     10   Next: 29%
Magic:  0/9        EV: 10    Int: 16    God:    Cheibriados [****..]
Gold:   536        SH:  0    Dex: 22    Spells: 9/9 levels left

rFire   . . .      SeeInvis .   f - +2 war axe (flame)
rCold   . . .      Faith    .   (no shield)
rNeg    . . .      Spirit   +   m - +0 chain mail
rPois   .          Reflect  .   (helmet restricted)
rElec   .          Harm     .   y - +0 cloak
rCorr   .          Rampage  .   n - +1 pair of gloves
Will    .....                   u - +0 pair of boots
Stlth   ..........              t - amulet of guardian spirit
HPRegen 0.25/turn               s - +4 ring of slaying
MPRegen 0.11/turn               E - ring of flight

@: flying, very slow
A: horns 2, retaliatory headbutt
a: Renounce Religion, Bend Time, Temporal Distortion, Slouch


You were on level 9 of the Dungeon.
You worshipped Cheibriados.
Cheibriados was greatly pleased with you.
You visited 2 branches of the dungeon, and saw 10 of its levels.

You collected 536 gold pieces.

Inventory:

Hand Weapons
 a - a +0 hand axe
 f - a +2 war axe of flaming (weapon)
Missiles
 l - 2 stones (quivered)
 J - a curare-tipped dart
 K - 3 boomerangs
Armour
 b - a +0 robe
 h - a +0 ring mail
 m - a +0 chain mail (worn)
 n - a +1 pair of gloves (worn)
 u - a +0 pair of boots (worn)
 y - a +0 cloak (worn)
Jewellery
 s - a +4 ring of slaying (left hand)
 t - an amulet of guardian spirit (around neck)
 x - an amulet of faith
 E - a ring of flight (right hand)
Wands
 c - a wand of iceblast (2)
 L - a wand of flame (12)
 M - a wand of acid (7)
Scrolls
 d - 3 scrolls of identify
 g - 2 scrolls of poison {unknown}
 i - 2 scrolls of fear {unknown}
 j - 2 scrolls of immolation {unknown}
 k - 2 scrolls of teleportation {unknown}
 p - 2 scrolls of noise {unknown}
 q - a scroll of magic mapping {unknown}
 r - 2 scrolls of vulnerability {unknown}
 B - a scroll of enchant armour {unknown}
Potions
 e - a potion of curing
 o - 2 potions of haste
 v - a potion of flight
 w - a potion of resistance
 z - a potion of heal wounds
 A - a potion of cancellation {unknown}
 D - a potion of might {unknown}
 F - a potion of lignification {unknown}
 G - a potion of attraction {unknown}
 H - 3 potions of berserk rage
 I - a potion of mutation {unknown}


   Skills:
 + Level 9.9 Fighting
 * Level 13.3 Axes
 + Level 7.3 Throwing
 - Level 3.2 Dodging
 - Level 1.5 Stealth


You had 9 spell levels left.
You didn't know any spells.
Your spell library contained the following spells:

 Spells                   Type           Power      Damage    Failure   Level
 Sandblast                Erth           0%         2d4       83%         1
 Summon Small Mammal      Summ           0%         N/A       83%         1
 Passwall                 Tmut/Erth      0%         N/A       93%         2
 Sublimation of Blood     Necr           0%         N/A       93%         2
 Call Canine Familiar     Summ           0%         N/A       99%         3
 Ignite Poison            Fire/Tmut/Pois 0%         N/A       99%         3
 Mephitic Cloud           Conj/Pois/Air  0%         N/A       99%         3
 Portal Projectile        Hex/Tloc       0%         N/A       99%         3
 Stone Arrow              Conj/Erth      0%         3d7       99%         3
 Summon Guardian Golem    Hex/Summ       0%         N/A       99%         3
 Tukima's Dance           Hex            0%         N/A       99%         3
 Petrify                  Tmut/Erth      0%         N/A       100%        4
 Blade Hands              Tmut           0%         N/A       100%        5
 Freezing Cloud           Conj/Ice/Air   0%         6-21      100%        5
 Irradiate                Conj/Tmut      0%         3d11      100%        5


Dungeon Overview and Level Annotations

Branches:
Dungeon (9/15)             Temple (1/1) D:6            Lair (0/5) D:8
    Orc: D:9-12

Altars:
Ashenzari
Cheibriados
Dithmenos
Elyvilon
Fedhas
Gozag
Hepliaklqana
Kikubaaqudgha
Makhleb
Nemelex Xobeh
Okawaru
Qazlal
Ru
Sif Muna
Trog
Uskayaw
Vehumet
Wu Jian
Xom
Yredelemnul
Zin
The Shining One

Shops:
D:6 [


Innate Abilities, Weirdness & Mutations

You have a pair of horns on your head.
You reflexively headbutt those who attack you in melee.


Message History

The gnoll closely misses you. The gnoll misses you.
The gnoll closely misses you. The gnoll hits you but does no damage.
The gnoll barely misses you.
You feel better.
The gnoll sergeant hits you with a +5 trident of venom.
You are poisoned.
The gnoll barely misses you. You furiously retaliate!
You headbutt the gnoll! The gnoll hits you with a +0 halberd.
The gnoll closely misses you. x2
You furiously retaliate!
You headbutt the gnoll!
You kill the gnoll!
Cheibriados appreciates the change of pace.
The gnoll barely misses you.
The gnoll sergeant blocks your attack. x2
The gnoll sergeant is almost dead.
You slice the gnoll!! You burn the gnoll.
You kill the gnoll!
Cheibriados appreciates the change of pace.
You slash the gnoll! You burn the gnoll.
You kill the gnoll!
Cheibriados thoroughly appreciates the change of pace.
You can now inflict damage on those overly hasty.
Cheibriados raises the support of your attributes as your movement slows.
You feel sick.
The gnoll sergeant hits you but does no damage.
You are more poisoned.
The gnoll hits you from afar with a +0 vorpal halberd.
* * * LOW HITPOINT WARNING * * *
x2 The gnoll barely misses you.
The gnoll sergeant blocks your attack.
The gnoll sergeant is almost dead.
* * * LOW HITPOINT WARNING * * *
You feel very sick.
The gnoll sergeant hits you with a +5 trident of venom!
* * * LOW HITPOINT WARNING * * *
The gnoll barely misses you. The gnoll hits you but does no damage.
You feel better.
The gnoll sergeant hits you with a +5 trident of venom!
* * * LOW HITPOINT WARNING * * *
The gnoll hits you from afar with a +0 vorpal halberd.
You die...

.. #.........#
.#.........#
........(.#
##.......#.. #
#........... .#.
#...<(.....# ....
#...(...)... #....
#.g.).......
#.....#..@).....#.
#......).g......
#..:..†..g....##
#..........#....#
###.......##....#
#........ ..>..
........... ##.
###.......###
#......##


You could see a gnoll sergeant and 2 gnolls.

Vanquished Creatures
  Erolcha (D:9)
  Pikel (D:5)
  A komodo dragon (D:8)
  Grinder (D:6)
  A shadow (D:7)
  2 steam dragons (D:8)
  3 water moccasins (D:8)
  4 black bears
  2 ogres
  An orc warrior (D:8)
  2 ice beasts
  A sky beast (D:6)
  4 lemures (D:5)
  2 centaurs
  5 bullfrogs
  A kobold brigand (D:7)
  4 wights (D:6)
  5 killer bees (D:9)
  A howler monkey (D:8)
  2 orc priests (D:8)
  5 hounds
  A jelly (D:4)
  Jessica (D:2)
  5 iguanas
  A gnoll bouda (D:8)
  8 orc wizards
  9 adders
  11 gnolls
  An ufetubus (D:5)
  2 worms
  4 dart slugs
  13 orcs
  5 ball pythons
  10 bats
  7 endoplasms
  5 giant cockroaches
  8 goblins
  9 hobgoblins
  5 jackals
  15 kobolds
  3 quokkas
  3 rats
175 creatures vanquished.

Vanquished Creatures (others)
  52 fungi (D:8)
  57 plants
109 creatures vanquished.

Grand Total: 284 creatures vanquished

Notes
Turn   | Place    | Note
-------+----------+-------------------------------------------
     0 | D:1      | LustLizard the Minotaur Monk began the quest for the Orb.
     0 | D:1      | Reached XP level 1. HP: 19/19 MP: 0/0
    22 | D:1      | Reached skill level 4 in Axes
    85 | D:1      | Reached XP level 2. HP: 25/27 MP: 1/1
   367 | D:1      | Found a faded altar of an unknown god.
   716 | D:1      | Reached XP level 3. HP: 33/33 MP: 2/2
  1212 | D:2      | Reached skill level 5 in Axes
  1455 | D:2      | Found a basalt altar of Yredelemnul.
  1468 | D:2      | Noticed Jessica
  1475 | D:2      | Killed Jessica
  1476 | D:2      | Reached skill level 1 in Throwing
  1476 | D:2      | Reached XP level 4. HP: 22/41 MP: 3/3
  1965 | D:3      | Found a basalt altar of Yredelemnul.
  2055 | D:3      | Found a burning altar of Makhleb.
  2716 | D:3      | Reached XP level 5. HP: 47/47 MP: 4/4
  2836 | D:4      | Reached skill level 6 in Axes
  3012 | D:4      | Reached skill level 5 in Fighting
  3072 | D:4      | Reached XP level 6. HP: 54/56 MP: 5/5
  3626 | D:5      | Entered Level 5 of the Dungeon
  3630 | D:5      | Reached skill level 7 in Axes
  3832 | D:5      | Noticed Pikel
  3858 | D:5      | Killed Pikel
  3859 | D:5      | Reached skill level 8 in Axes
  3859 | D:5      | Reached XP level 7. HP: 24/64 MP: 1/6
  4194 | D:5      | Reached XP level 8. HP: 63/71 MP: 7/7
  4451 | D:5      | Reached skill level 9 in Axes
  4717 | D:6      | Found a broken altar of Ashenzari.
  4728 | D:6      | Reached skill level 10 in Axes
  4794 | D:6      | Noticed Grinder
  4803 | D:6      | Killed Grinder
  4804 | D:6      | Reached skill level 5 in Throwing
  4907 | D:6      | Found Wipn's Armour Shoppe.
  5168 | D:6      | Found a staircase to the Ecumenical Temple.
  5174 | Temple   | Entered the Ecumenical Temple
  5181 | Temple   | Became a worshipper of Cheibriados the Contemplative
  5181 | Temple   | Reached * piety under Cheibriados
  5181 | Temple   | Reached ** piety under Cheibriados
  5390 | D:7      | Reached XP level 9. HP: 81/81 MP: 8/8
  5609 | D:7      | Reached skill level 11 in Axes
  6383 | D:8      | Reached skill level 12 in Axes
  6416 | D:8      | Reached *** piety under Cheibriados
  6446 | D:8      | Noticed a komodo dragon
  6456 | D:8      | Killed a komodo dragon
  6457 | D:8      | Reached XP level 10. HP: 76/91 MP: 9/9
  6540 | D:8      | Found a staircase to the Lair.
  6618 | D:8      | Found an ancient bone altar of Kikubaaqudgha.
  6618 | D:8      | Found a faded altar of an unknown god.
  6676 | D:8      | Found a bloodstained altar of Trog.
  6678 | D:8      | Found a faded altar of an unknown god.
  6680 | D:8      | Found an ornate altar of the Wu Jian Council.
  6745 | D:8      | Found a glowing silver altar of Zin.
  7187 | D:9      | Noticed Erolcha
  7191 | D:9      | Reached skill level 13 in Axes
  7204 | D:9      | Killed Erolcha
  7226 | D:9      | Reached **** piety under Cheibriados
  7228 | D:9      | HP: 1/93 [gnoll sergeant/+5 trident of venom (13)]
  7228 | D:9      | Slain by a gnoll

Illustrated notes

Levels and vault maps discovered:
D:1:      minmay_arrival_split_and_join, layout_loops_ring,
          hellmonk_ecumenical_altar_lost_god, st_stairs_6
D:2:      layout_rooms, basic_altar, serial_bayou, serial_bayou_ford_a,
          serial_bayou_shore_b, serial_bayou_lake_a, serial_bayou_lagoon_a,
          serial_bayou_pond_a, nicolae_kite_square_tiling_tiny,
          minmay_split_cup_large, uniq_jessica
D:3:      layout_basic, mainiacjoe_overflow_alcove_2, lemuel_doored_altar
D:4:      layout_loops_ring
D:5:      layout_cave_pools, serial_park, serial_park_tiny_pond,
          serial_park_tiny_2, serial_park_square3 [serial_park_minivault_5x5_8],
          serial_park_avenue1, uniq_pikel
D:6:      layout_rooms, ashenzari_altar_1, temple_green, serial_shops,
          nicolae_lakefront_shop, minmay_misc_feat_more_columns, uniq_grinder
D:7:      layout_loops_ring
D:8:      layout_loops_cross, mainiacjoe_overflow_small_starburst,
          chequers_temple_overflow_minitemple, due_lair_maze_entry_diamond
D:9:      layout_rooms, uniq_erolcha
Temple:   nicolae_temple_no_exploring_needed

Skill      XL: |  1  2  3  4  5  6  7  8  9 10 |
---------------+-------------------------------+-----
Axes           | 4 5 6 8 10 12 13 | 13.3
Fighting       | 4 5 6 8 9 |  9.9
Throwing       | 1 2 4 5 6 7 |  7.3
Dodging        | |  3.2
Stealth        | |  1.5

Action                   |  1- 3 |  4- 6 |  7- 9 | 10-12 || total
-------------------------+-------+-------+-------+-------++-------
Melee: Hand axe          |    97 |   126 |       |       ||   223
       Headbutt          |    17 |    20 |    24 |     2 ||    63
       Punch             |       |     2 |     1 |       ||     3
       War axe           |       |       |   124 |    19 ||   143
Throw: Stone             |       |    25 |    43 |     6 ||    74
       Dart              |       |     4 |     2 |     4 ||    10
  Use: Scroll            |     1 |     1 |     5 |       ||     7
       Potion            |       |     2 |       |     4 ||     6
 Stab: Sleeping          |     3 |       |       |       ||     3
Armor: Robe              |    10 |       |       |       ||    10
       Chain mail        |    24 |    61 |    64 |    14 ||   163
       Ring mail         |     4 |       |       |       ||     4
Dodge: Dodged            |    51 |    43 |    42 |    25 ||   161
